 Dungeon Crawl Stone Soup version 0.28.0-53-g5a82cb258f (webtiles) character file.

Game seed: 880209301641052733

17 Sin92 the Skirmisher (level 2, -2/24 HPs)
             Began as a Demonspawn Fighter on June 13, 2022.
             Slain by a lemure (6 damage)
             ... led by Pikel
             ... on level 4 of the Dungeon.
             The game lasted 00:01:10 (1172 turns).

Sin92 the Skirmisher (Demonspawn Fighter)           Turns: 1172, Time: 00:01:10

Health: -2/24      AC: 16    Str: 20    XL:     2   Next: 44%
Magic:  2/2        EV:  2    Int: 16    God:
Gold:   51         SH:  5    Dex: 14    Spells: 1/1 levels left

rFire   . . .      SeeInvis .   a - +0 long sword
rCold   . . .      Faith    .   c - +0 buckler
rNeg    . . .      Spirit   .   g - +1 crystal plate armour "Fuqez" {Str+4 Int+7}
rPois   .          Reflect  .   (no helmet)
rElec   .          Harm     .   (no cloak)
rCorr   .          Rampage  .   (no gloves)
Will    .....                   (no boots)
Stlth   ..........              (no amulet)
HPRegen 0.08/turn               (no ring)
MPRegen 0.08/turn               (no ring)

@: mighty
A: thin skeletal structure 1
a: no special abilities


You were on level 4 of the Dungeon.
You visited 1 branch of the dungeon, and saw 3 of its levels.

You collected 51 gold pieces.

Inventory:

Hand Weapons
 a - a +0 long sword (weapon)
Armour
 b - a +0 scale mail
 c - a +0 buckler (worn)
 g - the +1 crystal plate armour "Fuqez" (worn) {Str+4 Int+7}
   (You acquired it on level 2 of the Dungeon)

   Str:       It affects your strength (+4).
   Int:       It affects your intelligence (+7).
Scrolls
 e - a scroll of vulnerability {unknown}
 f - a scroll of identify {unknown}
 h - a scroll of noise {unknown}


   Skills:
 + Level 3.1 Fighting
 + Level 2.0 Long Blades
 + Level 2.8 Armour
 + Level 0.6 Dodging
 + Level 2.9 Shields


You had one spell level left.
You didn't know any spells.
Your spell library was empty.

Dungeon Overview and Level Annotations

Branches:
Dungeon (2/15)

Altars:

Annotations:
D:4 Grinder, Pikel


Innate Abilities, Weirdness & Mutations

You have a somewhat thin skeletal structure. (Dex +2, Stealth+)


Message History

The shaft crumbles and collapses.
Pikel and 4 lemures come into view.
Pikel is wielding a +0 whip of freezing.
The lemure shouts! x4; You hear a shout!
Found five items.
Found a stone staircase leading down.
There are monsters nearby!
You block the lemure's attack.
Unknown command.
There are monsters nearby!
You hit the lemure.
The lemure is lightly wounded.
A centaur comes into view.
The lemure hits you but does no damage.
Unknown command.
There are monsters nearby!
The centaur shouts!
You slash the lemure!
The lemure is heavily wounded.
Grinder comes into view.
Unknown command.
There are monsters nearby!
You hit the lemure but do no damage.
The lemure is heavily wounded.
You block the lemure's attack.
Pikel hits you with a +0 whip of freezing.
Pikel freezes you. You block the lemure's attack.
The lemure hits you but does no damage.
Unknown command.
You feel very mighty all of a sudden.
Pikel hits you with a +0 whip of freezing!
Pikel freezes you. The lemure hits you but does no damage. The lemure hits you.
* * * LOW HITPOINT WARNING * * *
The lemure hits you but does no damage. Grinder hits you but does no damage.
You closely miss Pikel.
Pikel hits you with a +0 whip of freezing.
* * * LOW HITPOINT WARNING * * *
Pikel freezes you.
* * * LOW HITPOINT WARNING * * *
The lemure hits you.
You die...

.##........
.........#
.>......$.
##.......#
#.......##
#..5.....#
##.5K5....#
#.[5@5....#
#.##.c:..##
#. ##.[.##
#. #### #


You could see Pikel, Grinder, 4 lemures and a centaur.

Vanquished Creatures
  3 bats (D:1)
  3 goblins (D:1)
  3 hobgoblins (D:1)
  A quokka (D:1)
  A frilled lizard (D:1)
  2 kobolds
  2 rats (D:1)
15 creatures vanquished.

Notes
Turn   | Place    | Note
-------+----------+-------------------------------------------
     0 | D:1      | Sin92 the Demonspawn Fighter began the quest for the Orb.
     0 | D:1      | Reached XP level 1. HP: 18/18 MP: 1/1
   415 | D:1      | Gained mutation: You have a somewhat thin skeletal
                  | structure. (Dex +2, Stealth+) [demonic ancestry]
   415 | D:1      | Reached XP level 2. HP: 21/24 MP: 2/2
  1077 | D:2      | Identified a scroll of acquirement
  1077 | D:2      | Acquired the +1 crystal plate armour "Fuqez" {Str+4 Int+7}
  1166 | D:2      | You fall into a shaft and drop 2 floors!
  1166 | D:4      | Noticed Pikel
  1166 | D:4      | Noticed a lemure
  1166 | D:4      | Noticed a lemure
  1166 | D:4      | Noticed a lemure
  1166 | D:4      | Noticed a lemure
  1168 | D:4      | Noticed a centaur
  1169 | D:4      | Noticed Grinder
  1172 | D:4      | Slain by a lemure

Illustrated notes

Levels and vault maps discovered:
D:1:      dpeg_arrival_renting, layout_basic, chequers_serial_rivers_micro_d
D:2:      layout_loops_corners, serial_shops, shop,
          shapermc_ecumenical_altar_mp_vishouse, basic_altar,
          minmay_tromino_v4_c, uniq_sigmund
D:4:      layout_rooms, uniq_pikel, uniq_duvessa, uniq_eustachio, uniq_ijyb,
          uniq_grinder

Skill      XL: |  1  2 |
---------------+-------+-----
Long Blades    | 2 |  2.0
Fighting       | |  3.1
Armour         | |  2.8
Dodging        | |  0.6
Shields        | |  2.9

Action                   || total
-------------------------++-------
Melee: Long sword        ||    52
  Use: Scroll            ||     1
       Potion            ||     1
 Stab: Sleeping          ||     1
Armor: Scale mail        ||    28
       Crystal plate arm ||     6
Dodge: Dodged            ||    23
Block: Buckler           ||    13
